 Dungeon Crawl Stone Soup version 0.22-a0-299-g43f9854 (webtiles) character file.

203 Gorice the Slasher (level 5, 0/45 HPs)
             Began as a Minotaur Monk on Mar 25, 2018.
             Slain by an orc wizard
             ... wielding a +0 dagger
              (1 damage)
             ... on level 3 of the Dungeon.
             The game lasted 00:08:00 (3154 turns).

Gorice the Slasher (Minotaur Monk)                  Turns: 3154, Time: 00:08:02

Health: 0/45       AC: 10    Str: 16    XL:     5   Next: 51%
Magic:  4/4        EV:  5    Int:  7    God:
Gold:   153        SH:  0    Dex: 13    Spells: 4/4 levels left

rFire    . . .     SeeInvis .   a - +1 falchion
rCold    . . .     Gourm    .   (no shield)
rNeg     . . .     Faith    .   d - +0 plate armour
rPois    .         Spirit   .   (helmet restricted)
rElec    .         Reflect  .   (no cloak)
rCorr    .         Harm     .   (no gloves)
MR       .....                  (no boots)
Stlth    ..........             q - amulet of rage
HPRegen  0.15/turn              F - ring of flight
MPRegen  0.09/turn              (no ring)

@: very slightly contaminated, invisible
A: retaliatory headbutt, horns 2
a: Evoke Berserk Rage, Evoke Flight


You were on level 3 of the Dungeon.
You were not hungry.

You visited 1 branch of the dungeon, and saw 4 of its levels.

You collected 153 gold pieces.

Inventory:

Hand Weapons
 a - a +1 falchion (weapon)
 b - a +1 dagger of venom
   (You took it off an orc wizard on level 3 of the Dungeon)
Missiles
 h - 7 javelins (quivered)
 Y - 88 stones
Armour
 d - a +0 plate armour (worn)
 e - a +0 ring mail
 j - a +0 robe
Jewellery
 c - an uncursed ring of ice
 q - an amulet of rage (around neck)
 F - a ring of flight (left hand)
Scrolls
 n - a scroll of teleportation {!r}
 o - a scroll of blinking
Potions
 g - a potion of agility {!q}
 i - a potion of brilliance {!q}
 k - a potion of lignification {!q}
 l - 2 potions of cancellation {!q}
 p - a potion of curing
 r - a potion of might {unknown}
Comestibles
 f - 6 rations
 s - 2 chunks of flesh


   Skills:
 - Level 3.6 Fighting
 * Level 7.6 Long Blades
 + Level 0.1 Armour
 - Level 3.2 Dodging
 - Level 1.5 Stealth


You had 4 spell levels left.
You didn't know any spells.

Dungeon Overview and Level Annotations

Branches:
Dungeon (4/15)
 Temple: D:4-7

Altars:
Vehumet


Innate Abilities, Weirdness & Mutations

You reflexively headbutt those who attack you in melee.
You have a pair of horns on your head.


Message History

The orc wizard hits you but does no damage.
You closely miss the orc wizard.
The orc wizard is heavily wounded.
The orc wizard closely misses you. The orc wizard hits you with a dagger.
* * * LOW HITPOINT WARNING * * *
Damage: 1 (max 10)
You hit the orc wizard but do no damage.
The orc wizard is heavily wounded.
The orc wizard hits you with a dagger.
* * * LOW HITPOINT WARNING * * *
Damage: 3 (max 10)
The orc wizard gestures at you while chanting.
The puff of flame hits you!
* * * LOW HITPOINT WARNING * * *
The orc wizard mumbles some strange words.
The orc wizard seems to speed up.
There is a stone staircase leading up here.
You see here a stone.
Damage: 5 (max 10)
The orc wizard barely misses you. x2
In your confused state, you trip and fall back down the stairs.
* * * LOW HITPOINT WARNING * * *
The orc wizard hits you but does no damage.
The orc wizard hits you with a dagger.
* * * LOW HITPOINT WARNING * * *
Damage: 4 (max 10) Unknown command.
Unknown command.
Really quaff
m - a potion of invisibility {!q}?
You fade into invisibility!
The orc wizard barely misses you.
The orc wizard hits you but does no damage.
The orc wizard gestures at you while chanting.
The magic dart hits you!
* * * LOW HITPOINT WARNING * * *
You are very lightly contaminated with residual magic.
Damage: 2 (max 10)
You feel less confused.
The orc wizard hits you but does no damage. x2
You climb upwards.
There is a stone staircase leading down here.
Unknown command.
Your plate armour prevents you from hitting the orc wizard.
Your headbutt misses the orc wizard.
The orc wizard is heavily wounded.
The orc wizard points at you and mumbles some strange words.
The magic dart hits you!
* * * LOW HITPOINT WARNING * * *
The orc wizard hits you with a dagger.
You die...

PP.#.#P..# ##.##.##....##
#.... ##P#.#b### ##.#....>...#
#.... #.#.#.# #........#.##
##... ###.#######........#.#
##.. #...........)......# ###
#...#.......<......###
##.###............)...######
#..# #........)o...........#
###..#
#.......o@............####
#....#
#.........................
#.#.##
#...)[[...............####
#.#.# #..............#......#
#...# ##.#..........#.......#
#..## #...#................#
##
#..######...###.....###).....#
.. ..###.......###..####
#......#### ..# #............#
#........#.


You could see 2 orc wizards.

Vanquished Creatures
  2 orc wizards (D:3)
  A worker ant (D:4)
  4 gnolls
  A worm (D:2)
  2 dart slugs (D:1)
  5 leopard geckos
  9 orcs (D:3)
  A giant cockroach (D:3)
  4 goblins
  6 hobgoblins
  4 jackals (D:1)
  10 kobolds
  3 quokkas
  A ball python (D:2)
  5 bats
  4 frilled lizards
  2 rats
64 creatures vanquished.

Notes
Turn   | Place    | Note
-------+----------+-------------------------------------------
     0 | D:1      | Gorice the Minotaur Monk began the quest for the Orb.
     0 | D:1      | Reached XP level 1. HP: 19/19 MP: 0/0
   200 | D:1      | Reached skill level 4 in Long Blades
   470 | D:1      | Reached XP level 2. HP: 19/26 MP: 1/1
   556 | D:1      | HP: 6/26 [gnoll/spear (10)]
   559 | D:1      | HP: 1/26 [gnoll/spear (4)]
   574 | D:1      | HP: 4/26 [gnoll/spear (6)]
   947 | D:1      | Reached skill level 5 in Long Blades
  1078 | D:1      | Reached XP level 3. HP: 30/31 MP: 2/2
  1566 | D:2      | Found a radiant altar of Vehumet.
  2076 | D:3      | Reached skill level 6 in Long Blades
  2076 | D:3      | Reached XP level 4. HP: 37/39 MP: 3/3
  2232 | D:3      | Reached XP level 5. HP: 31/45 MP: 4/4
  2246 | D:3      | HP: 13/45 [poisoned by an orc wizard]
  2251 | D:3      | HP: 11/45 [poisoned by an orc wizard]
  2258 | D:3      | HP: 9/45 [poisoned by an orc wizard]
  2265 | D:3      | HP: 8/45 [poisoned by an orc wizard]
  2273 | D:3      | HP: 7/45 [poisoned by an orc wizard]
  2570 | D:3      | Reached skill level 7 in Long Blades
  3148 | D:4      | HP: 13/45 [orc wizard/puff of flame (5)]
  3154 | D:3      | HP: 1/45 [orc wizard/magic dart (7)]
  3154 | D:3      | Slain by an orc wizard

Vault maps used:
D:1:      dpeg_arrival_radiant, hangedman_feature_mirror
D:2:      lemuel_crystal_altar
D:3:      first_ration, serial_aquarium, aquarium_bridge_island_small,
          aquarium_window_2, aquarium_window_fake, aquarium_window_1,
          aquarium_window_fake, aquarium_view_2b, aquarium_view_2c,
          aquarium_balcony_double_2
D:4:      tgw_fedhas, serial_shops, shop, grunt_ministairs_10, uniq_eustachio

Skill      XL: |  1  2  3  4  5 |
---------------+----------------+-----
Long Blades    | 4 5 6 7 |  7.6
Fighting       | |  3.6
Armour         | |  0.1
Dodging        | |  3.2
Stealth        | |  1.5

Action                   |  1- 3 |  4- 6 || total
-------------------------+-------+-------++-------
Melee: Falchion          |    87 |    72 ||   159
       Headbutt          |    18 |    11 ||    29
Throw: Javelin           |     2 |       ||     2
  Use: Potion            |     3 |     1 ||     4
       Scroll            |     4 |     2 ||     6
 Stab: Sleeping          |     1 |       ||     1
  Eat: Chunk             |     3 |     4 ||     7
Armor: Robe              |     3 |       ||     3
       Ring mail         |    27 |    13 ||    40
       Plate armour      |       |    18 ||    18
Dodge: Dodged            |    52 |    26 ||    78
       Rpst.: Falchion   |    18 |     6 ||    24

Table legend:
 A = Spawn XP
 B = Non-spawn XP
 C = Spawn XP percentage of total XP
 D = Spawn monster count
 E = Non-spawn monster count
 F = Spawn count percentage of total count
 G = Total turns spent on level
                    A         B        C        D         E        F      G
               +---------+---------+-------+---------+---------+-------+---------
         Total |       0 |     290 |   0.0 |       0 |      64 |   0.0 |  3154
               +---------+---------+-------+---------+---------+-------+---------
           D:1 |       0 |      55 |   0.0 |       0 |      20 |   0.0 |  1390
           D:2 |       0 |      17 |   0.0 |       0 |       8 |   0.0 |   613
           D:3 |       0 |     185 |   0.0 |       0 |      35 |   0.0 |  1096
           D:4 |       0 |      33 |   0.0 |       0 |       1 |   0.0 |    55
               +---------+---------+-------+---------+---------+-------+---------

Table legend:
 A = Turns spent in this place as a percentage of turns spent in the entire game.
 B = Non-inter-level travel turns spent in this place as a percentage of non-inter-level travel turns spent in the entire game.
 C = Inter-level travel turns spent in this place as a percentage of turns spent in this place.
 D = Turns resting spent in this place as a percentage of non-inter-level travel turns spent in this place.
 E = Turns spent auto-exploring this place as a percentage of non-inter-level travel turns spent in this place.
 F = Non-inter-level travel turns spent in this place divided by the number of levels of this place that you've seen.
                   A       B       C       D       E      F
               +-------+-------+-------+-------+-------+----------------------
         Total | 100.0 | 100.0 |   2.2 |  35.2 |  42.4 | 771.2
       Dungeon | 100.0 | 100.0 |   2.2 |  35.2 |  42.4 | 771.2
               +-------+-------+-------+-------+-------+----------------------

Vault maps used:
D:1:      dpeg_arrival_radiant, hangedman_feature_mirror
D:2:      lemuel_crystal_altar
D:3:      first_ration, serial_aquarium, aquarium_bridge_island_small,
          aquarium_window_2, aquarium_window_fake, aquarium_window_1,
          aquarium_window_fake, aquarium_view_2b, aquarium_view_2c,
          aquarium_balcony_double_2
D:4:      tgw_fedhas, serial_shops, shop, grunt_ministairs_10, uniq_eustachio
